 Dungeon Crawl Stone Soup version 0.30.0-10-gfe55d96785 (webtiles) character file.

Game seed: 5807998814967382257

813 McKennaii the Conjurer (level 7, -11/50 HPs)
             Began as a Demigod Conjurer on May 14, 2023.
             Shot with an arrow by a centaur (13 damage)
             ... on level 5 of the Dungeon.
             The game lasted 00:07:02 (5800 turns).

McKennaii the Conjurer (Demigod Conjurer)           Turns: 5800, Time: 00:07:03

Health: -11/50     AC:  2    Str:  8    XL:     7   Next: 35%
Magic:  13/18      EV: 12    Int: 28    God:
Gold:   182        SH:  0    Dex: 18    Spells: 9/16 levels left

rFire   . . .        f - +2 dagger (elec)
rCold   . . .        (no shield)
rNeg    . . .        a - +0 robe
rPois   .            (no helmet)
rElec   .            (no cloak)
rCorr   .            (no gloves)
SInv    .            (no boots)
Will    .....        (no amulet)
Stlth   ++           g - +6 ring of dexterity
HPRegen 0.28/turn    (no ring)
MPRegen 0.16/turn

%: no passive effects
@: no status effects
A: high MP 1, forlorn, divine attributes
a: no special abilities


You were on level 5 of the Dungeon.
You visited 1 branch of the dungeon, and saw 5 of its levels.
You also visited: Ossuary.

You collected 182 gold pieces.

Inventory:

Hand Weapons
 f - a +2 dagger of electrocution (weapon)
Armour
 a - a +0 robe (worn)
Jewellery
 g - a +6 ring of dexterity (left hand)
Scrolls
 c - a scroll of vulnerability
 e - 2 scrolls of teleportation
 k - 2 scrolls of magic mapping {unknown}
 l - a scroll of fear
 n - a scroll of fog
 o - a scroll of brand weapon
 q - 3 scrolls of identify {unknown}
 r - a scroll of enchant weapon {unknown}
Potions
 b - a potion of magic
 d - 3 potions of haste
 h - 3 potions of heal wounds
 i - a potion of berserk rage {unknown}
 j - a potion of cancellation {unknown}
 m - 4 potions of lignification {unknown}
 p - 4 potions of curing {unknown}
 s - a potion of degeneration {unknown}
 t - a potion of resistance {unknown}


   Skills:
 - Level 1.7 Dodging
 - Level 1.7 Stealth
 + Level 5.3 Spellcasting
 + Level 6.6 Conjurations


You had 9 spell levels left.
You knew the following spells:

 Your Spells              Type           Power      Damage    Failure   Level
a - Magic Dart            Conj           100%       1d8       1%          1
b - Searing Ray           Conj           88%        2d7       1%          2
c - Iskenderun's Mystic   Conj/Tloc      26%        2d7       16%         4

Your spell library contained the following spells:

 Spells                   Type           Power      Damage    Failure   Level
 Dazzling Flash           Conj/Hex       52%        N/A       4%          3
 Fulminant Prism          Conj/Hex       13%        3d8       16%         4


Dungeon Overview and Level Annotations

Branches:
Dungeon (5/15)            Ossuary (visited)
 Temple: D:4-7

Annotations:
D:3 1 runed translucent door, Majang's ghost, amateur OgGl
D:5 1 runed translucent door


Innate Abilities, Weirdness & Mutations

You have an increased reservoir of magic. (+10% MP)
You shall have no god before yourself.
Your divine heritage dramatically boosts your attributes as you level up.


Message History

The scorpion is severely wounded.
Casting: Magic Dart (safe; 1% risk of failure)
Confirm with . or Enter, or press ? or * to list all spells.
Aiming: Searing Ray (safe; 1% risk of failure)
Press: ? - help, Shift-Dir - straight line, f/p - scorpion
Aim: a scorpion (severely wounded, 82% to hit)
The searing ray hits the scorpion!
You kill the scorpion! (Press . to maintain the ray.) Unknown command.
Magic restored.
You see here a scorpion corpse.
A hound and a centaur come into view.
Found a potion of magic.
There are monsters nearby!
The magic dart hits the centaur.
The centaur is lightly wounded.
The centaur shouts!
The hound barks!
The centaur wields a +0 shortbow.
The centaur shoots an arrow.
The arrow hits you.
The magic dart hits the centaur.
The centaur is moderately wounded.
The centaur shoots an arrow.
The arrow hits you!
The centaur shoots an arrow.
The arrow hits you!
Casting: Magic Dart (safe; 1% risk of failure)
Confirm with . or Enter, or press ? or * to list all spells.
Aiming: Searing Ray (safe; 1% risk of failure)
Press: ? - help, Shift-Dir - straight line, f/p - centaur
Aim: a centaur, wielding a +0 shortbow (lightly wounded, 89% to hit)
The searing ray hits the centaur.
The centaur is moderately wounded. (Press . to maintain the ray.)
The centaur shoots an arrow.
The arrow hits you!
* * * LOW HITPOINT WARNING * * *
The searing ray hits the centaur!
The centaur is severely wounded.
The centaur shoots an arrow.
The arrow hits you!
* * * LOW HITPOINT WARNING * * *
The hound misses you.
The centaur shoots an arrow.
The arrow hits you!
You die...

#.........# .o
..........# ###+#
.......... #.#..
c......# #.##. #
.c...# ##.#.
.##.##?..# ##..
.........#
##########.
.##.##.#h## #..
...# #. .......@..#
#.####.###.
###.##.##.#
##.......##. #
#.##.###..##.).....
#.....†...##.#..###
####.###........#
#.# ##.#####.# ..#
#.......# ####
#########


You could see a centaur and a hound.

Vanquished Creatures
  4 elf zombies (Ossuary)
  A scorpion (D:5)
  2 hounds (D:4)
  4 human zombies (Ossuary)
  An orc priest (D:4)
  3 orc wizards (D:4)
  2 mummies (Ossuary)
  3 gnolls (D:4)
  4 adders
  3 worms
  A dart slug (D:1)
  5 orcs
  4 endoplasms
  2 giant cockroaches
  5 goblins
  5 hobgoblins
  14 ball pythons
  5 bats
  2 frilled lizards
  2 goblin zombies
  9 hobgoblin zombies (Ossuary)
  A jackal zombie (Ossuary)
  6 kobolds
  15 kobold zombies (Ossuary)
  3 orc zombies (Ossuary)
  8 rats
  A rat zombie (D:4)
115 creatures vanquished.

Notes
Turn   | Place    | Note
-------+----------+-------------------------------------------
     0 | D:1      | McKennaii the Demigod Conjurer began the quest for the Orb.
     0 | D:1      | Reached XP level 1. HP: 14/14 MP: 5/5
   458 | D:1      | Reached XP level 2. HP: 20/20 MP: 0/7
   910 | D:1      | Reached skill level 4 in Conjurations
  1407 | D:2      | Reached XP level 3. HP: 24/26 MP: 1/9
  2754 | D:3      | Reached XP level 4. HP: 33/33 MP: 8/11
  2787 | D:3      | Found a runed translucent door.
  2787 | D:3      | Noticed Majang's ghost (amateur OgGl)
  3182 | D:3      | Learned a level 2 spell: Searing Ray
  3368 | D:4      | Reached XP level 5. HP: 21/38 MP: 3/13
  3446 | D:4      | Reached skill level 5 in Conjurations
  3476 | D:4      | Found a sand-covered staircase.
  3542 | Ossuary  | Entered an ossuary
  4288 | Ossuary  | Reached XP level 6. HP: 16/45 MP: 5/15
  4441 | Ossuary  | Reached skill level 6 in Conjurations
  4475 | Ossuary  | Reached XP level 7. HP: 45/50 MP: 1/17
  4560 | Ossuary  | Reached skill level 5 in Spellcasting
  5661 | D:4      | Learned a level 4 spell: Iskenderun's Mystic Blast
  5715 | D:5      | Entered Level 5 of the Dungeon
  5718 | D:5      | Found a runed translucent door.
  5800 | D:5      | HP: 2/50 [centaur/arrow (9)]
  5800 | D:5      | Shot with an arrow by a centaur

Illustrated notes

Levels and vault maps discovered:
D:1:      evilmike_arrival_rings, layout_loops_ring
D:2:      layout_loops_corners
D:3:      layout_basic, hellmonk_ghost_happy_afterlife, grunt_decor_junction,
          dreamdust_princess_corridor
D:4:      layout_basic, enter_ossuary_4
D:5:      layout_loops_cross, minmay_temple_entry_stoned_glass,
          lightli_church_of_beogh

Skill      XL: |  1  2  3  4  5  6  7 |
---------------+----------------------+-----
Spellcasting   | 2 3 4 5 |  5.3
Conjurations   | 4 5 6 |  6.6
Dodging        | |  1.7
Stealth        | |  1.7

Action                     |  1- 3 |  4- 6 |  7- 9 || total
---------------------------+-------+-------+-------++-------
  Melee: Unarmed           |     8 |    15 |       ||    23
         Dagger            |       |    17 |       ||    17
   Cast: Magic Dart        |   102 |    56 |    45 ||   203
         Searing Ray       |       |    25 |     4 ||    29
    Use: Scroll            |       |     7 |       ||     7
         Potion            |       |     2 |       ||     2
 Armour: Robe              |     4 |    16 |       ||    20
  Dodge: Dodged            |     4 |    53 |     2 ||    59
